 Dungeon Crawl Stone Soup version 0.27.1-1-g398f81649c (webtiles) character file.

Game seed: 15151706781060307090

728 101zpm the Shield-Bearer (level 7, -2/44 HPs)
             Began as a Gargoyle Fighter on Sept 19, 2021.
             Slain by a water moccasin (4 damage)
             ... on level 5 of the Dungeon.
             The game lasted 00:07:55 (5383 turns).

101zpm the Shield-Bearer (Gargoyle Fighter)         Turns: 5383, Time: 00:07:56

Health: -2/44      AC: 21    Str: 22    XL:     7   Next: 72%
Magic:  7/7        EV:  3    Int:  8    God:
Gold:   224        SH: 15    Dex:  9    Spells: 6/6 levels left

rFire    . . .     SeeInvis .   l - +3 trident (vamp)
rCold    . . .     Faith    .   i - +0 tower shield
rNeg     + . .     Spirit   .   u - +0 plate armour
rPois    ∞         Reflect  .   m - +0 helmet
rElec    +         Harm     .   A - +1 cloak {Stlth+}
rCorr    .         Rampage  .   p - +0 pair of gloves
Will     .....                  (no boots)
Stlth    ..........             (no amulet)
HPRegen  0.14/turn              (no ring)
MPRegen  0.10/turn              (no ring)

@: no status effects
A: sickness immunity, AC +4, negative energy resistance 1, electricity
resistance, torment resistance 1, petrification resistance
a: no special abilities


You were on level 5 of the Dungeon.
You visited 1 branch of the dungeon, and saw 5 of its levels.

You collected 224 gold pieces.

Inventory:

Hand Weapons
 a - a +0 flail
 l - a +3 vampiric trident (weapon)
 z - a +3 quarterstaff of chaos
Missiles
 j - 72 bolts
 k - 75 sling bullets
 o - 58 stones (quivered)
 q - 33 arrows
 B - 8 javelins
Armour
 i - a +0 tower shield (worn)
 m - a +0 helmet (worn)
 p - a +0 pair of gloves (worn)
 u - a +0 plate armour (worn)
 A - a +1 cloak of stealth (worn)
Jewellery
 v - an amulet of regeneration
Scrolls
 c - a scroll of enchant armour {unknown}
 f - 7 scrolls of identify {unknown}
 g - 2 scrolls of noise {unknown}
 h - a scroll of magic mapping {unknown}
 n - 2 scrolls of summoning {unknown}
 r - a scroll of fog {unknown}
 t - 3 scrolls of teleportation {unknown}
 w - a scroll of amnesia {unknown}
 y - 2 scrolls of vulnerability {unknown}
Potions
 b - a potion of lignification {unknown}
 d - 2 potions of might
 e - 2 potions of magic {unknown}
 s - a potion of berserk rage {unknown}
 x - 2 potions of mutation {unknown}


   Skills:
 + Level 4.4 Fighting
 + Level 2.9 Maces & Flails
 + Level 3.8 Polearms
 + Level 5.4 Armour
 + Level 1.0 Dodging
 + Level 0.3 Stealth
 + Level 5.5 Shields


You had 6 spell levels left.
You didn't know any spells.
Your spell library contained the following spells:

 Spells                   Type           Power      Damage    Failure   Level
 Slow                     Hex            0%         N/A       100%        2
 Confusing Touch          Hex            0%         N/A       100%        3
 Dazzling Flash           Conj/Hex       0%         N/A       100%        3
 Iskenderun's Mystic Bla  Conj/Tloc      0%         2d3       100%        4
 Yara's Violent Unravell  Hex/Tmut       0%         3d3       100%        5
 Starburst                Conj/Fire      0%         6d3       100%        6


Dungeon Overview and Level Annotations

Branches:
Dungeon (5/15)
 Temple: D:4-7

Altars:
Nemelex Xobeh

Shops:
D:4 *

Annotations:
D:5 Sigmund


Innate Abilities, Weirdness & Mutations

You are immune to sickness and miasma.
Your stone body is resilient. (AC +4)
You are immune to poison.
You resist negative energy. (rN+)
You are resistant to electric shocks. (rElec)
You are resistant to unholy torment.
You are immune to petrification.


Message History

A water moccasin comes into view.
You block the iguana's attack.
A worm comes into view.
Something hits you but does no damage.
You closely miss the iguana. You block the iguana's attack. Something hits you.
* * * LOW HITPOINT WARNING * * *
You block the iguana's attack.
You hit the iguana.
You feel better.
The iguana is moderately wounded.
You block the iguana's attack. Something hits you but does no damage.
You block the water moccasin's attack.
You hit the iguana.
You feel better.
The iguana is heavily wounded.
The sentinel's mark upon you fades away.
The iguana bites you!
* * * LOW HITPOINT WARNING * * *
You block the water moccasin's attack. You block the iguana's attack.
You block something's attack.
The water moccasin bites you but does no damage.
You start putting on your amulet.
You continue putting on your amulet of regeneration.
You block the water moccasin's attack.
Keep equipping yourself? [Y]es or [N]o only, please.
Keep equipping yourself?
The iguana bites you but does no damage.
You continue putting on your amulet of regeneration.
The water moccasin bites you but does no damage.
Something hits you but does no damage. The iguana barely misses you.
You continue putting on your amulet of regeneration.
You block the water moccasin's attack. Something hits you.
* * * LOW HITPOINT WARNING * * *
The iguana bites you but does no damage.
The water moccasin bites you but does no damage.
You continue putting on your amulet of regeneration.
The water moccasin bites you but does no damage.
The iguana barely misses you.
You continue putting on your amulet of regeneration.
The water moccasin bites you.
You die...

...#.......##.#####.#
...........##†.......
#.......##.##..####.#
#...##.#............#
#..†##.#.#.###.#.####
#...##.....###.#.#
#...####.###...#w#
#...# #.# #.###S#
#...# # # #.# #@#
#...####. #.# #l# .
.........
#.###{###....
...).....
#............
.........
#.#####.#...(
#...#.### #.# .# ..
#...#.# #.. # #...#.#
#.# #...#.######.#


You could see a water moccasin, a worm and an iguana.

Vanquished Creatures
  A black bear (D:4)
  A necrophage (D:5)
  A phantom (D:5)
  A scorpion (D:5)
  A jelly (D:4)
  Crazy Yiuf (D:4)
  2 hounds (D:5)
  Terence (D:3)
  2 orc wizards
  An iguana (D:4)
  A hound skeleton (D:4)
  Robin (D:2)
  5 adders
  An ufetubus (D:5)
  An adder skeleton (D:4)
  2 worms (D:4)
  A dart slug (D:1)
  9 orcs
  6 bats
  4 endoplasms
  3 giant cockroaches (D:1)
  12 goblins
  11 hobgoblins
  3 jackals (D:1)
  8 quokkas
  9 ball pythons
  6 frilled lizards
  4 kobolds
  8 rats
107 creatures vanquished.

Vanquished Creatures (others)
  A fungus (D:4)
1 creature vanquished.

Grand Total: 108 creatures vanquished

Notes
Turn   | Place    | Note
-------+----------+-------------------------------------------
     0 | D:1      | 101zpm the Gargoyle Fighter began the quest for the Orb.
     0 | D:1      | Reached XP level 1. HP: 14/14 MP: 1/1
   243 | D:1      | Found a faded altar of an unknown god.
   295 | D:1      | Reached XP level 2. HP: 19/19 MP: 2/2
   821 | D:1      | Reached XP level 3. HP: 23/23 MP: 3/3
  1108 | D:2      | Noticed Robin
  1480 | D:3      | Reached XP level 4. HP: 15/28 MP: 4/4
  1651 | D:2      | Killed Robin
  3763 | D:3      | Noticed Terence
  3772 | D:3      | Killed Terence
  3773 | D:3      | Reached XP level 5. HP: 27/33 MP: 5/5
  3932 | D:3      | Reached skill level 1 in Polearms
  4291 | D:4      | Noticed a black bear
  4299 | D:4      | Killed a black bear
  4300 | D:4      | Reached skill level 1 in Dodging
  4300 | D:4      | Reached XP level 6. HP: 38/38 MP: 6/6
  4468 | D:4      | Found Ehyvoxaf's Gadget Gallery.
  4643 | D:4      | Found a sparkling altar of Nemelex Xobeh.
  4827 | D:4      | Found a runed translucent door.
  4828 | D:4      | Noticed Crazy Yiuf
  4837 | D:4      | Killed Crazy Yiuf
  5041 | D:5      | Entered Level 5 of the Dungeon
  5113 | D:5      | Reached skill level 5 in Armour
  5113 | D:5      | Reached skill level 5 in Shields
  5113 | D:5      | Reached XP level 7. HP: 28/43 MP: 7/7
  5357 | D:5      | Noticed Sigmund
  5381 | D:5      | HP: 1/44 [something (5)]
  5383 | D:5      | Slain by a water moccasin

Illustrated notes

Levels and vault maps discovered:
D:1:      sevenhm_arrival_forest_fort_large_4, layout_loops_cross,
          hellmonk_ecumenical_altar_blasted, minmay_misc_feat_room
D:2:      kb_forest_paths, layout_basic, minivault_4, uniq_robin
D:3:      layout_basic, uniq_terence
D:4:      layout_gridville, nemelex_dance_club_becter,
          chequers_serial_rivers_room_a, nicolae_shop_gadgets,
          uniq_crazy_yiuf_cottage
D:5:      layout_loops_cross, mainiacjoe_overflow_alcove_2, uniq_sigmund

Skill      XL: |  1  2  3  4  5  6  7 |
---------------+----------------------+-----
Shields        | 4 5 |  5.5
Armour         | 4 5 |  5.4
Polearms       | 2 3 |  3.8
Dodging        | 1 |  1.0
Fighting       | 4 |  4.4
Maces & Flails | |  2.9
Stealth        | |  0.3

Action                   |  1- 3 |  4- 6 |  7- 9 || total
-------------------------+-------+-------+-------++-------
Melee: Flail             |   145 |    12 |       ||   157
       Trident           |       |   218 |    71 ||   289
Armor: Scale mail        |   103 |    70 |       ||   173
       Plate armour      |       |    52 |    59 ||   111
Dodge: Dodged            |    57 |    47 |     8 ||   112
Block: Kite shield       |    50 |       |       ||    50
       Tower shield      |    92 |   200 |    78 ||   370
